Map: Tokamak LE

Players

jeannysu

  • Race: Zerg Zerg
  • Spawn Location: 7:00

VOD

Have the link to the VOD?

Description

Time

  • Played on: Sept. 3, 2025, 7:31 a.m.
  • Length: 12:52
Show
View Real Time Build Order
Export as new Build Order

jeannysu Zerg 

Build Orders:  

Get SALT Encoding   

  12  0:02  Drone  
  13  0:17  Overlord  
  13  0:23  Drone  
  14  0:42  Drone x2  
  16  1:08  Hatchery  
  15  1:10  Drone  
  15  1:16  Drone  
  17  1:20  Drone  
  18  1:36  Extractor  
  17  1:44  Spawning Pool  
  17  1:46  Drone  
  17  1:50  Drone  
  18  2:03  Drone  
  19  2:19  Drone  
  20  2:49  Zergling x4  
  22  2:51  Queen x2  
  22  2:52  Drone  
  27  3:03  Overlord  
  27  3:10  Drone  
  28  3:39  Drone x2  
  30  3:43  Hatchery  
  29  4:01  Drone  
  29  4:02  Roach Warren, Metabolic Boost  
  29  4:03  Drone x3  
  32  4:23  Overlord  
  32  4:24  Drone  
  32  4:27  Overlord  
  32  4:28  Drone x2  
  35  4:56  Drone x3  
  35  4:57  Drone  
  39  5:08  Roach  
  41  5:13  Zergling x2  
  41  5:14  Zergling x2, Lair  
  41  5:15  Zergling x2  
  44  5:26  Drone x2  
  44  5:28  Drone  
  44  5:29  Drone  
  48  5:31  Queen  
  48  5:32  Drone  
  48  5:36  Queen  
  53  5:44  Drone  
  54  5:50  Drone x2  
  54  5:51  Drone  
  54  5:52  Extractor  
  56  6:01  Extractor  
  56  6:07  Evolution Chamber  
  56  6:09  Drone, Evolution Chamber  
  38  6:10  Drone x2  
  54  6:12  Drone  
  54  6:13  Overlord  
  54  6:14  Overlord  
  57  6:23  Glial Reconstitution  
  57  6:28  Drone  
  58  6:45  Queen  
  60  6:52  Zerg Missile Weapons Level 1  
  60  6:53  Hatchery  
  59  7:01  Drone  
  59  7:02  Drone x5  
  59  7:05  Extractor  
  59  7:07  Zergling x2  
  59  7:08  Zergling x6  
  68  7:12  Overlord  
  68  7:18  Zerg Ground Armor Level 1  
  68  7:30  Overlord  
  68  7:31  Drone  
  68  7:32  Drone  
  68  7:34  Drone  
  68  7:35  Pneumatized Carapace  
  71  7:52  Drone  
  71  7:54  Roach x5  
  71  7:56  Overlord  
  82  8:02  Drone  
  83  8:11  Overseer  
  83  8:19  Zergling x2  
  84  8:20  Zergling x6  
  84  8:21  Overlord x4  
  84  8:23  Zergling x2  
  84  8:25  Zergling x2  
  89  8:45  Baneling Nest  
  89  8:47  Drone  
  89  8:49  Drone x7  
  96  9:01  Infestation Pit  
  96  9:02  Roach x5  
  96  9:04  Roach  
  107  9:17  Drone  
  107  9:18  Drone x6  
  114  9:24  Queen  
  116  9:33  Drone x2  
  116  9:34  Drone  
  116  9:37  Centrifugal Hooks, Overlord  
  116  9:38  Overlord  
  116  9:39  Extractor  
  118  9:40  Extractor, Roach  
  118  9:42  Roach  
  121  9:52  Roach  
  121  9:59  Hydralisk Den  
  122  10:07  Roach  
  122  10:08  Roach x2  
  128  10:22  Drone  
  128  10:23  Drone x10  
  128  10:26  Overlord  
  128  10:28  Zergling x2  
  128  10:29  Zergling x4  
  142  10:33  Baneling x4  
  142  10:34  Baneling x3  
  142  10:35  Baneling x2  
  142  10:41  Drone  
  142  10:44  Hive  
  142  10:46  Extractor  
  142  10:47  Extractor  
  141  11:07  Drone  
  141  11:08  Drone x4  
  146  11:27  Infestor x2  
  146  11:29  Zergling x2  
  151  11:30  Zergling x18  
  151  11:32  Overlord x3  
  160  12:01  Infestor x2  
  164  12:22  Unknown  
Tags
 
Matchup
Co-op
Replay Pack
새 폴더
Add a new tag
Caveats
  • Supply blocks, unpowered buildings, or Contaminate may cause inaccurate times.
  • Supply counts are checked every 10 seconds.